 Dungeon Crawl Stone Soup version 0.30-a0-358-g0d69a1922f (console) character file.

Game seed: 10162663866828240239

5 petzl the Sneak (level 1, -19/18 HPs)
             Began as a Formicid Delver on Nov 10, 2022.
             Demolished by a skeletal warrior
             ... wielding a +0 scimitar
              (22 damage)
             ... on level 13 of the Dungeon.
             The game lasted 00:09:39 (1315 turns).

petzl the Sneak (Formicid Delver)                   Turns: 1315, Time: 00:09:39

Health: -19/18     AC:  3    Str: 16    XL:     1   Next: 88%
Magic:  1/1        EV: 12    Int:  9    God:
Gold:   6          SH:  0    Dex: 15    Spells: 1/1 levels left

rFire   . . .      SeeInvis +    a - +0 shortbow
rCold   . . .      Faith    .    (no shield)
rNeg    . . .      Spirit   .    m - +0 leather armour
rPois   .          Reflect  .    (helmet unavailable)
rElec   .          Harm     .    (no cloak)
rCorr   .          Rampage  .    (no gloves)
Will    .....                    (no boots)
Stlth   +++.......               (no amulet)
HPRegen 0.23/turn                (no ring)
MPRegen 0.07/turn                (no ring)

@: no status effects
A: permanent stasis, dig shafts and tunnels, antennae 3, four strong arms
a: Dig, Shaft Self


You were on level 13 of the Dungeon.
You visited 1 branch of the dungeon, and saw 12 of its levels.

You collected 75 gold pieces.
You spent 69 gold pieces at shops.

Inventory:

Hand Weapons
 a - a +0 shortbow (weapon)
 b - a +0 quarterstaff
 q - a +0 rapier
Missiles
 n - a boomerang
Armour
 m - a +0 leather armour (worn)
Wands
 f - a wand of digging (3)
 i - a wand of mindburst (6)
 p - a wand of charming (2)
 s - a wand of flame (9)
Scrolls
 c - a scroll of fog
 d - a scroll of magic mapping
 e - a scroll of fear
 g - a scroll of vulnerability {unknown}
 j - 2 scrolls of identify {unknown}
 o - a scroll of enchant weapon {unknown}
 r - a scroll of blinking {unknown}
Potions
 h - 2 potions of flight
 k - a potion of might {unknown}
 l - a potion of curing {unknown}


   Skills:
 + Level 3.4 Fighting
 - Level 2.0 Maces & Flails
 + Level 0.5 Ranged Weapons
 - Level 1.7 Dodging
 - Level 6.0 Stealth
 + Level 0.5 Spellcasting


You had one spell level left.
You didn't know any spells.
Your spell library contained the following spells:

 Spells                   Type           Power      Damage    Failure   Level
 Ozocubu's Armour         Ice            0%         N/A       82%         3
 Metabolic Englaciation   Hex/Ice        0%         N/A       100%        5
 Simulacrum               Ice/Necr       0%         N/A       100%        6


Dungeon Overview and Level Annotations

Branches:
Dungeon (15/15)
 Temple: D:4-7         Lair: D:8-11         Orc: D:9-12      Vaults: D:13-14
 Depths: D:15

Altars:

Shops:
D:9 (

Annotations:
D:7 exclusions: wight and 2 yaks
D:8 Gastronok
D:9 exclusions: cyclops, 2 upstairs and wraith
D:10 exclusions: killer bee, orange demon and 2 sensed monsters (detected)
D:13 Frances
D:14 exclusion: downstairs


Innate Abilities, Weirdness & Mutations

You cannot be hasted, slowed, berserked, paralysed or teleported.
You can dig through walls and to a lower floor.
You have a pair of large antennae on your head. (SInv)
Your four strong arms can wield two-handed weapons with a shield.


Message History

You reach down and open the door.
There is an open door here.
You float gracefully downwards.
There is an open door here.
There is an open door here.
You open the door.
There is an open door here. 2 skeletal warriors come into view.
There is an open door here.
There is a stone staircase leading down here.
You close the door.
Something unseen opens the door.
There is an open door here.
You close the door.
A skeletal warrior breaks down the door.
There is an open door here.
You close the door.
Something unseen opens the door.
You open the door.
There is an open door here.
Found a runed lead wand.
Unknown command.
Unknown command.
You see here a wand of flame (9).
s - a wand of flame (9)
Found a scale mail.
Found a flail.
Found a stone staircase leading up.
There is a stone staircase leading up here.
The skeletal warrior hits you with a +0 scimitar!
Ouch! That really hurt!
* * * LOW HITPOINT WARNING * * *
You climb upwards.
Found 18 gold pieces.
There is a stone staircase leading down here.
Are you sure you want to shaft yourself?
Okay, then.
Are you sure you want to shaft yourself?
The skeletal warrior hits you with a +0 scimitar!!
Ouch! That really hurt!
You die...

.....
.....
.....
#...
#...####
#......#
+.....@+
#...@>z#
#......#
#......#
#......#
#......#
+$.....#
#......#
########


You could see Frances (asleep) and a skeletal warrior.

Vanquished Creatures
  An orc (D:9)
  3 kobolds (D:9)
4 creatures vanquished.

Vanquished Creatures (others)
  7 plants (D:14)
7 creatures vanquished.

Grand Total: 11 creatures vanquished

Notes
Turn   | Place    | Note
-------+----------+-------------------------------------------
     0 | D:5      | petzl the Formicid Delver began the quest for the Orb.
     0 | D:5      | Reached XP level 1. HP: 18/18 MP: 1/1
   115 | D:7      | Noticed a wight
   133 | D:7      | Noticed a yak
   204 | D:7      | Noticed a yak
   274 | D:7      | Noticed a bullfrog
   282 | D:7      | You fall into a shaft and drop 3 floors!
   282 | D:10     | Entered Level 10 of the Dungeon
   402 | D:9      | Found Teaqah's Antique Weapon Shop.
   457 | D:10     | Noticed an orange demon
   581 | D:10     | Noticed a killer bee
   767 | D:9      | Noticed a cyclops
   806 | D:9      | Bought a shortbow for 69 gold pieces
   863 | D:8      | Noticed an orc priest
   935 | D:8      | Noticed Gastronok
   935 | D:8      | Noticed a water moccasin
   936 | D:8      | Noticed a vampire mosquito
   966 | D:9      | Noticed a wraith
  1075 | D:9      | Noticed a yak
  1075 | D:9      | Noticed a kobold brigand
  1075 | D:9      | Noticed a hornet
  1101 | D:9      | You fall into a shaft and drop 2 floors!
  1163 | D:12     | Noticed a boulder beetle
  1163 | D:12     | Noticed a brown ugly thing
  1163 | D:12     | Noticed a kobold demonologist
  1163 | D:12     | Noticed a vampire mosquito
  1163 | D:12     | Noticed a vampire mosquito
  1163 | D:12     | Noticed a vampire mosquito
  1163 | D:12     | Noticed a vampire mosquito
  1169 | D:11     | You fall into a shaft and drop 3 floors!
  1192 | D:15     | Entered Level 15 of the Dungeon
  1205 | D:15     | Noticed a tengu warrior
  1210 | D:15     | Noticed a boggart
  1273 | D:14     | Noticed a skeletal warrior
  1273 | D:14     | Noticed a skeletal warrior
  1313 | D:13     | Noticed Frances
  1315 | D:13     | Demolished by a skeletal warrior

Illustrated notes

Levels and vault maps discovered:
D:4:      layout_rooms, lemuel_doored_altar, minmay_temple_entry_waves,
          ebering_ghost_reflecting_pool, minmay_pentangle, uniq_sigmund
D:5:      layout_basic, mainiacjoe_overflow_alcove_1, serial_shops,
          nicolae_square_shop, minmay_statues_item, kennysheep_dice
D:6:      layout_basic
D:7:      layout_basic, feat_on_display
D:8:      layout_basic, chequers_ossuary_entry_cave, nicolae_elemental_shop,
          uniq_psyche, uniq_gastronok
D:9:      layout_rooms, serial_shops, nicolae_take_the_stairs,
          hangedman_decor_lopped
D:10:     layout_loops_ring, ploomutoo_gammafunk_ghost_potion_laboratory,
          kennysheep_nondescript, hangedman_stone_soup, uniq_amaemon,
          uniq_maggie
D:11:     layout_rooms, grunt_lair_entry_orc_guard_hut, david_orc_3,
          portal_ice_cave_entry_imps, nicolae_uskayaw_suspiria, uniq_fannar,
          uniq_urug, uniq_sonja
D:12:     layout_rooms, serial_shops, shop
D:13:     layout_stronghold, ebering_ghost_rock_garden, fountainhead,
          uniq_frances
D:14:     layout_roguey, david_vaults_5, kennysheep_flooded_box,
          serial_bayou_lake_a, uniq_agnes, uniq_rupert, uniq_nessos
D:15:     grunt_enter_depths_giant_problem, layout_cave_pools,
          nzn_wu_jian_contemplation, minmay_misc_feat_more_columns

Action                   || total
-------------------------++-------
Melee: Rapier            ||     7
 Fire: Shortbow          ||    10
 Abil: Shaft Self        ||     4
  Use: Potion            ||     1
Armor: Leather armour    ||     1
Dodge: Dodged            ||     6

Table legend: (Time is in decaauts)
 A = Elapsed time spent in this place.
 B = Non-inter-level travel time spent in this place.
 C = Inter-level travel time spent in this place.
 D = Time resting spent in this place.
 E = Time spent auto-exploring this place.
 F = Levels seen in this place.
 G = Mean time per level.
                   A        B        C        D        E       F      G
               +--------+--------+--------+--------+--------+-----+--------+
         Total |   1321 |   1071 |    250 |    189 |      4 |  12 |  110.1 |
       Dungeon |   1321 |   1071 |    250 |    189 |      4 |  12 |  110.1 |
               +--------+--------+--------+--------+--------+-----+--------+

Top non-repeatable levels by time:
    D:10: 497 daAuts
     D:9: 324 daAuts
     D:7: 250 daAuts
    D:14: 124 daAuts
    D:11: 65 daAuts
    D:15: 20 daAuts
     D:5: 16 daAuts
     D:6: 13 daAuts
     D:8: 3 daAuts
     D:4: 1 daAuts
    D:13: 1 daAuts
    D:12: 1 daAuts
